AoeStats
← corazon de seda

Black Forest

510264669Analyzed
4v4 RM · 1d ago on Sep 30, 2026· 62m 25s· 8 players
Game mode
Random Map
Map size
Large (8 player)
Population
200
Speed
Normal
Resources
Standard
Victory
Conquest
Starting age
Dark Age
Ending age
Imperial Age
RankedLock teamsTeams togetherTeam positionsShared explorationLock speedFull tech treeHidden civsTurbo modeCheats
Victory
Defeat
🇲🇽 Khmer · Mexico
1059
+14
🇧🇪 Italians · Belgium
1050
+14
🇲🇽 Aztecs · Mexico
1046
+15
🇨🇴 Khmer · Colombia
1040
+15
🇨🇳 Bohemians · China
1031
-15
🇨🇳 Persians · China
1031
-15
🇮🇳 Khmer · India
1030
-15
🇦🇷 Franks · Argentina
977
-13
antonio35604
0:34 Loom
11:27 Feudal Age
12:32 Town Watch
12:53 Gold Mining
12:48 Man-at-Arms
15:05 Arson
15:22 Scale Mail Armor
15:57 Forging
23:29 Scale Mail Armor
23:31 Horse Collar
29:52 Castle Age
28:19 Double-Bit Axe
28:28 Stone Mining
31:10 Wheelbarrow
30:49 Bow Saw
30:46 Town Patrol
31:17 Heavy Plow
32:59 Pikeman
33:39 Squires
34:16 Iron Casting
33:56 Chain Mail Armor
40:42 Fletching
45:29 Hand Cart
52:31 Bodkin Arrow
52:37 Padded Archer Armor
54:06 Hand Cart
55:58 Elite Skirmisher
59:50 Gold Shaft Mining
62:43 Imperial Age
Saeer
0:30 Loom
13:19 Feudal Age
15:50 Town Watch
18:16 Castle Age
17:35 Stone Mining
17:36 Gold Mining
25:00 Fervor
25:37 Wheelbarrow
26:42 Double-Bit Axe
27:20 Ballistics
26:42 Treadmill Crane
26:59 Fletching
28:05 Murder Holes
28:10 Bodkin Arrow
28:15 Padded Archer Armor
29:14 Stone Shaft Mining
30:08 Fortified Wall
31:55 Town Patrol
32:24 Horse Collar
35:46 Imperial Age
33:53 Heavy Plow
34:33 Bow Saw
36:48 Leather Archer Armor
36:43 Forging
36:34 Scale Mail Armor
37:15 Conscription
38:00 Chemistry
37:21 Hand Cart
37:08 Bracer
37:59 Hoardings
40:15 Two-Man Saw
39:07 Elite Genoese Crossbowman
50:25 Arson
50:41 Squires
53:20 Thumb Ring
53:52 Iron Casting
53:33 Chain Mail Armor
60:25 Blast Furnace
59:56 Plate Mail Armor
59:39 Masonry
63:24 Sanctity
63:05 Devotion
Lord_Tarritou
13:51 Feudal Age
16:34 Castle Age
14:25 Double-Bit Axe
14:21 Horse Collar
17:15 Heavy Plow
17:25 Bow Saw
27:16 Loom
28:06 Wheelbarrow
27:17 Town Watch
31:02 Gold Mining
31:02 Stone Mining
31:28 Hand Cart
31:13 Town Patrol
33:23 Gold Shaft Mining
33:23 Stone Shaft Mining
35:04 Forging
34:59 Scale Barding Armor
37:57 Imperial Age
36:18 Ballistics
36:10 Masonry
35:57 Murder Holes
37:13 Iron Casting
36:58 Chain Barding Armor
36:29 Fletching
37:06 Tusk Swords
37:25 Devotion
37:40 Bloodlines
37:30 Husbandry
36:51 Light Cavalry
38:09 Elite Ballista Elephant
40:02 Blast Furnace
39:37 Plate Barding Armor
39:12 Siege Engineers
40:08 Chemistry
39:18 Double Crossbow
39:48 Conscription
40:04 Hoardings
41:12 Crop Rotation
42:30 Hussar
43:07 Bodkin Arrow
48:48 Architecture
51:12 Bracer
ThiranoMarck
2:37 Loom
12:21 Feudal Age
19:05 Castle Age
32:12 Imperial Age
31:29 Fletching
31:52 Forging
31:42 Scale Mail Armor
33:14 Bodkin Arrow
32:46 Pikeman
39:59 Double-Bit Axe
42:54 Iron Casting
42:25 Scale Barding Armor
42:22 Cavalier
43:03 Husbandry
43:13 Bloodlines
Julius Caesar
0:34 Loom
8:03 Loom
10:34 Feudal Age
11:00 Double-Bit Axe
10:58 Horse Collar
16:05 Castle Age
16:41 Wheelbarrow
19:15 Heavy Plow
24:32 Bow Saw
28:34 Imperial Age
26:26 Scale Barding Armor
28:27 Chain Barding Armor
28:17 Forging
28:27 Hand Cart
31:48 Conscription
32:32 Two-Man Saw
32:20 Crop Rotation
32:47 Plate Barding Armor
32:47 Iron Casting
33:51 Gold Mining
33:52 Stone Mining
34:07 Cavalier
34:48 Husbandry
34:59 Bloodlines
35:15 Elite Skirmisher
36:16 Thumb Ring
35:31 Crossbowman
36:15 Kamandaran
36:58 Padded Archer Armor
36:48 Fletching
37:58 Blast Furnace
36:59 Scale Mail Armor
38:04 Leather Archer Armor
38:33 Bodkin Arrow
38:54 Citadels
39:01 Citadels
39:37 Ballistics
40:17 Chemistry
39:31 Masonry
39:33 Onager
42:05 Ring Archer Armor
41:51 Chain Mail Armor
44:13 Architecture
44:34 Plate Mail Armor
45:07 Gold Shaft Mining
45:07 Stone Shaft Mining
44:28 Savar
48:20 Elite War Elephant
corazon de seda
12:53 Feudal Age
19:43 Castle Age
17:44 Double-Bit Axe
23:25 Stone Mining
23:25 Gold Mining
永不投降嘻嘻
11:01 Feudal Age
16:25 Castle Age
16:52 Double-Bit Axe
16:48 Horse Collar
18:13 Loom
21:09 Scale Barding Armor
31:41 Imperial Age
31:54 Chemistry
38:51 Guard Tower
39:13 Masonry
39:27 Pikeman
40:00 Fletching
40:21 Forging
40:25 Husbandry
39:46 Light Cavalry
41:19 Scale Mail Armor
42:37 Bow Saw
43:51 Chain Mail Armor
44:12 Iron Casting
43:40 Squires
45:14 Padded Archer Armor
45:44 Plate Mail Armor
47:44 Halberdier
48:10 Arson
48:43 Leather Archer Armor
49:09 Conscription
50:50 Ring Archer Armor
50:56 Iron Casting
53:12 Careening
53:25 Murder Holes
V Cr7
1:20 Loom
12:17 Feudal Age
16:41 Castle Age
30:44 Gold Mining
30:40 Double-Bit Axe
35:30 Imperial Age
35:39 Imperial Age
34:45 Fletching
41:51 Husbandry
42:01 Bloodlines
41:57 Capped Ram
43:08 Scale Barding Armor
43:14 Forging
42:26 Light Cavalry
44:37 Wheelbarrow
46:51 Hussar
48:56 Chain Barding Armor
49:11 Iron Casting
48:48 Bow Saw
49:14 Horse Collar
50:14 Gold Shaft Mining
51:13 Iron Casting
51:14 Plate Barding Armor
51:30 Hand Cart
52:18 Chemistry
51:38 Ballistics
52:24 Siege Ram
53:42 Conscription
53:47 Heavy Scorpion
55:53 Blast Furnace
55:33 Double Crossbow
Connection lost

Rejoining the realm…

Still unreachable

The connection could not be restored.

Session expired

The server has moved on; the page needs a fresh start.